cohdb
Replays
Latest Replays
All Replays
Popular Replays
Top Player Replays
Match Explorer
How It Works
Community
CoH3 Stats
Reddit
Sign in to upload your games and track your stats! →
Sign in with Steam
Match 20691578
Unlisted
Match 20691578
Overview
Messages
Build Orders
End
Kradschützen Motorcycle Team
Panzergrenadier Squad
250 Light Carrier
Construct Light Support Kompanie
Panzerjäger Squad
Assault Grenadier Squad
Construct Mechanized Kompanie
Panzerjäger Mechanized Group
8 Rad Armored Car
Selects Armored Support Battlegroup
Selects Superior Fire Drills
Veteran Squad Leaders
Marder III Tank Destroyer
Support Armor Elements
Selects Flammpanzer III Medium Tank Sd.Kfz. 141
StuG III D Assault Gun
Tungsten Core Ammunition
Assault Mechanized Group
Selects Command Panzer IV F Medium Tank
Marder III Tank Destroyer
Selects Salvage Kits
StuG III D Assault Gun
Vehicle Survival Package
Panzerjäger Mechanized Group
Selects Panzer Storm
Selects Stuka Dive Bomb
Stuka Dive Bomb
Marder III Tank Destroyer
Emergency Repair Kits
Stuka Dive Bomb
Panzer Storm
DirtyDan
ProPlays & ProPlay Accessories
0
0
Comments
sign in to comment!
No comments posted yet!